Map: Oxide LE

Players

Throwfordays - Winner!

  • Race: Protoss Protoss
  • League: Gold

ShaggyNuggit

  • Race: Protoss Protoss
  • League: Silver

VOD

Have the link to the VOD?

Description

Time

  • Played on: June 18, 2021, 3:26 p.m.
  • Length: 6:04
Show
View Real Time Build Order
Export as new Build Order

Throwfordays Protoss - Winner!

Build Orders:  

Get SALT Encoding   

  12  0:01  Probe  
  13  0:13  Probe  
  14  0:22  Pylon  
  14  0:25  Probe (Chrono Boost)  
  15  0:38  Probe (Chrono Boost)  
  16  0:46  Gateway  
  16  0:49  Probe  
  17  0:57  Assimilator  
  17  1:13  Probe  
  18  1:25  Probe  
  19  1:37  Probe  
  20  1:46  Cybernetics Core  
  20  1:49  Probe  
  20  1:53  Nexus  
  21  1:55  Assimilator  
  21  2:03  Pylon  
  21  2:06  Probe  
  22  2:17  Warp Gate (Chrono Boost)  
  22  2:18  Gateway  
  22  2:28  Probe  
  23  2:31  Adept  
  25  2:40  Probe  
  26  2:51  Gateway  
  26  2:52  Robotics Facility  
  26  3:01  Gateway  
  26  3:06  Adept  
  28  3:16  Probe (Chrono Boost)  
  28  3:19  Probe (Chrono Boost)  
  30  3:26  Probe (Chrono Boost)  
  32  3:29  Probe (Chrono Boost)  
  32  3:31  Probe (Chrono Boost)  
  33  3:34  Pylon  
  33  3:38  Probe  
  34  4:18  Stalker x4  
  42  4:29  Probe  
  41  4:31  Probe  
  41  4:34  Gateway  
  42  4:41  Probe  
  42  4:43  Probe  
  48  4:45  Immortal  
  48  4:52  Pylon  
  48  4:53  Probe  
  48  4:55  Probe  
  50  5:01  Pylon  
  50  5:05  Probe  
  51  5:08  Probe  
  52  5:18  Probe  
  52  5:20  Probe  
  52  5:22  Stalker x4  
  52  5:26  Gateway  
  62  5:44  Stalker  
Show
View Real Time Build Order
Export as new Build Order

ShaggyNuggit Protoss 

Build Orders: 1 Gate Expand 

Get SALT Encoding   

  12  0:00  Probe  
  13  0:12  Probe  
  14  0:19  Pylon  
  14  0:24  Probe  
  15  0:37  Probe  
  15  0:41  Gateway  
  16  0:49  Probe  
  17  1:02  Probe  
  18  1:04  Assimilator  
  18  1:14  Probe  
  19  1:23  Nexus  
  18  1:40  Probe  
  18  1:41  Cybernetics Core  
  19  1:52  Probe  
  20  2:10  Gateway  
  20  2:13  Probe  
  21  2:25  Probe  
  21  2:28  Warp Gate (Chrono Boost)  
  22  2:30  Pylon  
  22  2:33  Assimilator  
  22  2:34  Stalker  
  24  2:40  Probe x2  
  26  2:57  Stalker  
  28  3:18  Probe x2  
  30  3:33  Stalker  
  32  3:35  Twilight Council  
  32  3:38  Probe x2  
  29  4:25  Stalker  
  29  4:30  Probe x2  
  33  4:42  Probe x2  
  33  4:44  Robotics Facility  
  35  4:51  Stalker x2  
  39  4:58  Pylon  
  35  5:18  Stalker x2  
  37  5:31  Probe x2  
  39  5:43  Probe  
  39  5:44  Probe  
  39  5:47  Assimilator  
  39  5:49  Assimilator  
Tags
 
Matchup
PvP
Replay Pack
Multiplayer
Add a new tag
Caveats
  • Supply blocks, unpowered buildings, or Contaminate may cause inaccurate times.
  • Supply counts are checked every 10 seconds.